 Dungeon Crawl Stone Soup version 0.27-a0-1219-g958d993ae5 (webtiles) character file.

Game seed: 6468796437795573196

214 patchburns1 the Magician (level 6, -2/43 HPs)
             Began as a Djinni Hedge Wizard on June 6, 2021.
             Killed from afar by a white imp (6 damage)
             ... with a puff of frost
             ... summoned by Eustachio
             ... on level 4 of the Dungeon.
             The game lasted 00:27:24 (5228 turns).

patchburns1 the Magician (Djinni Hedge Wizard)      Turns: 5228, Time: 00:27:24

Health: -2/43      AC:  4    Str:  9    XL:     6   Next: 14%
Gold:   104        EV: 12    Int: 17    God:
                   SH:  0    Dex: 13

rFire    + + .     SeeInvis .   a - +0 dagger
rCold    . . .     Faith    .   (no shield)
rNeg     . . .     Spirit   .   r - +1 leather armour {rC+}
rPois    ∞         Reflect  .   c - +0 hat
rElec    .         Harm     .   (no cloak)
rCorr    .         Rampage  .   (no gloves)
Will     .....                  (boots unavailable)
Stlth    ++........             (no amulet)
HPRegen  0.14/turn              (no ring)
MPRegen  0.00/turn              (no ring)

@: flying
A: sickness immunity, fire resistance 2, cold vulnerability 1, float, innate
caster, hp casting, extra vitality 1
a: no special abilities


You were on level 4 of the Dungeon.
You visited 1 branch of the dungeon, and saw 4 of its levels.

You collected 188 gold pieces.
You spent 84 gold pieces at shops.

Inventory:

Hand Weapons
 a - a +0 dagger (weapon)
 d - a +0 hunting sling
 j - a +0 hunting sling
Missiles
 i - 54 sling bullets
 k - 105 stones
 o - 12 boomerangs
Armour
 b - a +0 robe
 c - a +0 hat (worn)
 r - a +1 leather armour of cold resistance (worn)
Scrolls
 e - 2 scrolls of identify {unknown}
 f - a scroll of holy word {unknown}
 g - a scroll of noise {unknown}
 m - a scroll of enchant armour {unknown}
 p - a scroll of teleportation {unknown}
 s - 3 scrolls of enchant weapon {unknown}
 t - a scroll of amnesia {unknown}
Potions
 h - a potion of berserk rage {unknown}
 l - 3 potions of curing
 n - a potion of resistance {unknown}
 q - a potion of heal wounds {unknown}


   Skills:
 + Level 1.7 Fighting
 + Level 1.1 Short Blades
 + Level 1.0 Armour
 + Level 3.2 Dodging
 + Level 2.4 Stealth
 * Level 3.6 Spellcasting


You couldn't memorise any spells.
You knew the following spells:

 Your Spells              Type           Power      Damage    Failure   Level
a - Magic Dart            Conj           60%        1d6       4%          1
b - Blink                 Tloc           N/A        N/A       8%          2
c - Call Imp              Summ           15%        N/A       8%          2
d - Slow                  Hex            15%        N/A       8%          2
e - Conjure Flame         Conj/Fire      15%        6-21      16%         3
f - Mephitic Cloud        Conj/Pois/Air  15%        N/A       16%         3
g - Sting                 Tmut/Pois      60%        1d6       4%          1
h - Poisonous Vapours     Pois/Air       30%        N/A       8%          2
Your spell library was empty.

Dungeon Overview and Level Annotations

Branches:
Dungeon (4/15)
 Temple: D:4-7

Altars:

Shops:
D:3 !

Annotations:
D:4 Eustachio


Innate Abilities, Weirdness & Mutations

You are immune to sickness and miasma.
You are immune to poison.
Your flesh is very heat resistant. (rF++)
You are vulnerable to cold. (rC-)
You float through the air rather than walking.
You learn spells naturally, not from books.
Your magical power is your life essence.
You have superior vitality. (+4 HP)


Message History

The sting misses Eustachio.
Eustachio hits you with a +0 falchion of freezing.
Eustachio freezes you. The river rat closely misses you.
Casting: Sting (safe; 4% risk of failure)
Confirm with . or Enter, or press ? or * to list all spells.
You blink.
You kill the river rat!
The river rat's corpse disappears in a puff of smoke!
Eustachio gestures wildly while chanting.
Aiming: Sting (safe; 4% risk of failure)
Press: ? - help, Q - select action, (/) - cycle Shift-Dir - straight line, f - white imp, p - Eustachio
Aim: a white imp (summoned, 74% to hit)
The sting hits the white imp.
The white imp partially resists.
The white imp is lightly wounded.
Aiming: Sting (safe; 4% risk of failure)
Press: ? - help, Q - select action, (/) - cycle Shift-Dir - straight line, f/p - white imp
Aim: a white imp (lightly wounded, summoned, 74% to hit)
The sting hits the white imp.
The white imp partially resists.
The white imp is poisoned.
The white imp is lightly wounded.
Aiming: Sting (safe; 4% risk of failure)
Press: ? - help, Q - select action, (/) - cycle Shift-Dir - straight line, f - Eustachio, p - white imp
Aim: Eustachio, wielding a +0 falchion of freezing and wearing a +0 leather armour (64% to hit)
The sting hits the white imp.
The white imp looks even sicker.
The white imp is moderately wounded.
* * * LOW HITPOINT WARNING * * *
Aiming: Sting (safe; 4% risk of failure)
Press: ? - help, Q - select action, (/) - cycle Shift-Dir - straight line, f/p - Eustachio
Aim: Eustachio, wielding a +0 falchion of freezing and wearing a +0 leather armour (64% to hit)
The sting hits the white imp.
The white imp partially resists.
The white imp looks even sicker.
The white imp is heavily wounded.
* * * LOW HITPOINT WARNING * * *
The white imp shouts, "Go and return not, thou reeling-ripe milk-livered scut!"
The white imp gestures at you. The puff of frost hits you!
* * * LOW HITPOINT WARNING * * *
The white imp gestures at you. The puff of frost hits you.
You die...

..# ####.##.#
#.##'### #......#
#......#
########......#
.......'......#
.#######......#
.##...##......#####
.##...##......'.@.#
.##...##......###.#
.#...........## #5#
.#.###.......# #@#
.#...........# #5#
....)........# #.#
.#####.......# #5#
....#........# #r#
###.#........# #.#


You could see Eustachio, a white imp (summoned, very poisoned), 2 shadow imps
and a rat (summoned).

Vanquished Creatures
  An ogre (D:4)
  2 adders (D:3)
  3 worms
  A dart slug (D:1)
  An orc (D:3)
  9 endoplasms
  7 giant cockroaches
  10 goblins
  7 hobgoblins
  11 jackals
  5 quokkas
  6 ball pythons
  7 bats
  3 frilled lizards
  7 kobolds
  6 rats
86 creatures vanquished.

Vanquished Creatures (others)
  A withered plant (D:2)
1 creature vanquished.

Grand Total: 87 creatures vanquished

Notes
Turn   | Place    | Note
-------+----------+-------------------------------------------
     0 | D:1      | patchburns1 the Djinni Hedge Wizard began the quest for the
                  | Orb.
     0 | D:1      | Reached XP level 1. HP: 15/15 MP: 0/0
   634 | D:1      | Reached XP level 2. HP: 3/21 MP: 0/0
  1579 | D:1      | Reached XP level 3. HP: 22/25 MP: 0/0
  1579 | D:1      | Learned a level 1 spell: Sting
  2871 | D:2      | Reached XP level 4. HP: 28/31 MP: 0/0
  3638 | D:2      | Found a faded altar of an unknown god.
  3667 | D:2      | You are sucked into a shaft and drop 1 floor!
  3789 | D:3      | Reached skill level 1 in Fighting
  3858 | D:3      | Found Neabb's Distillery.
  3866 | D:3      | Bought 2 potions of curing for 84 gold pieces
  4176 | D:3      | Reached XP level 5. HP: 36/37 MP: 0/0
  4176 | D:3      | Learned a level 2 spell: Poisonous Vapours
  4798 | D:4      | Noticed an ogre
  4896 | D:4      | Killed an ogre
  4897 | D:4      | Reached skill level 1 in Short Blades
  4897 | D:4      | Reached skill level 1 in Armour
  4897 | D:4      | Reached XP level 6. HP: 18/43 MP: 0/0
  5159 | D:4      | Noticed Eustachio
  5228 | D:4      | Killed from afar by a white imp

Illustrated notes

Levels and vault maps discovered:
D:1:      arrival_zaba_pyramid, layout_basic
D:2:      layout_basic, ebering_ecumenical_altar_petrified
D:3:      layout_loops_ring, serial_shops, shop
D:4:      layout_basic, minmay_temple_entry_wispy, uniq_pikel, uniq_natasha,
          uniq_eustachio

Skill      XL: |  1  2  3  4  5 |
---------------+----------------+-----
Spellcasting   | 3 |  3.6
Stealth        | 2 |  2.4
Fighting       | 1 |  1.7
Dodging        | 3 |  3.2
Short Blades   | 1 |  1.1
Armour         | 1 |  1.0

Action                   |  1- 3 |  4- 6 || total
-------------------------+-------+-------++-------
Melee: Dagger            |    18 |     5 ||    23
 Cast: Magic Dart        |    68 |     1 ||    69
       Sting             |    15 |    92 ||   107
       Mephitic Cloud    |     1 |       ||     1
       Blink             |       |     2 ||     2
 Stab: Sleeping          |     1 |       ||     1
Armor: Robe              |    10 |     4 ||    14
       Leather armour    |       |    15 ||    15
Dodge: Dodged            |    18 |    50 ||    68

Table legend: (Time is in decaauts)
 A = Elapsed time spent in this place.
 B = Non-inter-level travel time spent in this place.
 C = Inter-level travel time spent in this place.
 D = Time resting spent in this place.
 E = Time spent auto-exploring this place.
 F = Levels seen in this place.
 G = Mean time per level.
                   A        B        C        D        E       F      G
               +--------+--------+--------+--------+--------+-----+--------+
         Total |   5228 |   5185 |     43 |   1364 |   2505 |   4 | 1307.0 |
       Dungeon |   5228 |   5185 |     43 |   1364 |   2505 |   4 | 1307.0 |
               +--------+--------+--------+--------+--------+-----+--------+

Top non-repeatable levels by time:
     D:1: 2571 daAuts
     D:2: 1096 daAuts
     D:3: 1077 daAuts
     D:4: 482 daAuts
